 Dungeon Crawl Stone Soup version 0.28-a0-1143-gcf6077d4cc (webtiles) character file.

Game seed: 4738702464513509517

48 tilp the Chiller (level 3, 0/14 HPs)
             Began as a Felid Ice Elementalist on Dec 14, 2021.
             Killed from afar by Sigmund (7 damage)
             ... with a puff of flame
             ... on level 2 of the Dungeon.
             The game lasted 00:01:58 (2347 turns).

tilp the Chiller (Felid Ice Elementalist)           Turns: 2347, Time: 00:01:58

Health: 0/14       AC:  1    Str:  4    XL:     3   Next: 50%
Magic:  7/7        EV: 17    Int: 18    God:
Gold:   55         SH:  0    Dex: 16    Spells: 2/6 levels left
                                        Lives:  0   Deaths: 0

rFire   . . .      SeeInvis +     - Unarmed
rCold   . . .      Faith    .   (shield unavailable)
rNeg    . . .      Spirit   .   (armour unavailable)
rPois   .          Reflect  .   (helmet unavailable)
rElec   .          Harm     .   (cloak unavailable)
rCorr   .          Rampage  .   (gloves unavailable)
Will    .....                   (boots unavailable)
Stlth   ++........              (no amulet)
HPRegen 0.04/turn               (no ring)
MPRegen 0.10/turn               (no ring)

@: quick
A: very small, claws 1, fangs 3, see invisible, speed 1, shaggy fur 1, stealthy
paws, no weapons or thrown items, no armour, multi-lived
a: no special abilities


You were on level 2 of the Dungeon.
You visited 1 branch of the dungeon, and saw 2 of its levels.

You collected 55 gold pieces.

Inventory:

Scrolls
 a - a scroll of immolation {unknown}
Potions
 b - 2 potions of invisibility {unknown}


   Skills:
 - Level 2.6 Dodging
 - Level 2.6 Stealth
 - Level 2.0 Unarmed Combat
 + Level 2.3 Spellcasting
 * Level 4.1 Ice Magic


You had 2 spell levels left.
You knew the following spells:

 Your Spells              Type           Power      Damage    Failure   Level
a - Freeze                Ice            68%        1d8       3%          1
b - Frozen Ramparts       Ice            34%        1d5       10%         3

Your spell library contained the following spells:

 Spells                   Type           Power      Damage    Failure   Level
 Ozocubu's Armour         Ice            17%        N/A       10%         3
 Hailstorm                Conj/Ice       9%         3d4       58%         4


Dungeon Overview and Level Annotations

Branches:
Dungeon (2/15)

Altars:

Annotations:
D:2 Sigmund


Innate Abilities, Weirdness & Mutations

You have sharp claws.
You have razor-sharp teeth.
You have supernaturally acute eyesight. (SInv)
You cover ground quickly. (Speed+)
You are covered in fur. (AC +1)
Your paws help you pounce on unaware monsters.
You are incapable of wielding weapons or throwing items.
You cannot wear armour.
You gain extra lives every three experience levels.


Message History

Casting: Freeze (safe; 3% risk of failure)
Confirm with . or Enter, or press ? or * to list all spells.
You can't see any susceptible monsters within range! (Use Z to cast anyway.) Unknown command.
Casting: Freeze (safe; 3% risk of failure)
Confirm with . or Enter, or press ? or * to list all spells.
You can't see any susceptible monsters within range! (Use Z to cast anyway.) Unknown command.
The bat barely misses you.
Casting: Freeze (safe; 3% risk of failure)
Confirm with . or Enter, or press ? or * to list all spells.
Aiming: Freeze (safe; 3% risk of failure)
Press: ? - help, Shift-Dir - straight line, f/p - bat
Aim: a bat (moderately wounded)
You freeze the bat!
You kill the bat!
Unknown command.
You now have 55 gold pieces (gained 15).
A quokka comes into view.
A quokka is nearby!
A quokka is nearby!
A quokka is nearby!
Sigmund the Dreaded comes into view.
He is wielding a +0 scythe.
Found a short sword.
Sigmund shouts!
Sigmund drinks a potion.
Sigmund seems to speed up.
Sigmund screams, "Don't try to resist!"
Sigmund casts a spell at you. The puff of flame misses you.
Sigmund gestures at you while chanting. You resist with some effort.
Sigmund giggles. "Time to reap what you sow."
Sigmund says, "You will soon forget everything."
Sigmund gestures at you while chanting. The puff of flame hits you!
Ouch! That really hurt!
Sigmund points at you and mumbles some strange words.
The puff of flame hits you!
Ouch! That really hurt!
You die...

#########+###. ...........##.
.......)...### ..............
####..†...##. #######
#.......#. #.....#
#####....####.
###.#####...#....####.
#....@..'........#....
#.##.####...#..†......
########.##.# #...#.........
#...........# #...#.........
#...........####...#.........
#..................#.........
#..................#.........
......).....@.......#.........
.......####.....!...##########


You could see Sigmund (fast).

Vanquished Creatures
  An adder (D:2)
  A dart slug (D:1)
  4 endoplasms (D:1)
  A giant cockroach (D:1)
  3 goblins
  4 hobgoblins (D:1)
  3 kobolds
  2 quokkas
  A ball python (D:1)
  6 bats
  6 frilled lizards
  5 rats
37 creatures vanquished.

Notes
Turn   | Place    | Note
-------+----------+-------------------------------------------
     0 | D:1      | tilp the Felid Ice Elementalist began the quest for the
                  | Orb.
     0 | D:1      | Reached XP level 1. HP: 7/7 MP: 4/4
   263 | D:1      | Reached skill level 1 in Unarmed Combat
   401 | D:1      | Reached XP level 2. HP: 11/11 MP: 6/6
  1492 | D:1      | Reached XP level 3. HP: 14/14 MP: 3/7
  1972 | D:1      | Learned a level 3 spell: Frozen Ramparts
  2032 | D:2      | Reached skill level 4 in Ice Magic
  2334 | D:2      | Noticed Sigmund
  2347 | D:2      | Killed from afar by Sigmund

Illustrated notes

Levels and vault maps discovered:
D:1:      lightli_arrival_flooded_house, layout_basic,
          minmay_misc_feat_secret_circle, minmay_hexomino_p4
D:2:      layout_basic, uniq_sigmund

Skill      XL: |  1  2  3 |
---------------+----------+-----
Unarmed Combat | 1 2 |  2.0
Ice Magic      | 4 |  4.1
Dodging        | |  2.6
Stealth        | |  2.6
Spellcasting   | |  2.3

Action                   || total
-------------------------++-------
Melee: Unarmed           ||    18
 Cast: Freeze            ||    35
       Frozen Ramparts   ||     1
  Use: Scroll            ||     2
 Stab: Sleeping          ||    10
Armor: Skin              ||     4
Dodge: Dodged            ||    23

Table legend: (Time is in decaauts)
 A = Elapsed time spent in this place.
 B = Non-inter-level travel time spent in this place.
 C = Inter-level travel time spent in this place.
 D = Time resting spent in this place.
 E = Time spent auto-exploring this place.
 F = Levels seen in this place.
 G = Mean time per level.
                   A        B        C        D        E       F      G
               +--------+--------+--------+--------+--------+-----+--------+
         Total |   2161 |   2140 |     21 |    256 |   1675 |   2 | 1080.5 |
       Dungeon |   2161 |   2140 |     21 |    256 |   1675 |   2 | 1080.5 |
               +--------+--------+--------+--------+--------+-----+--------+

Top non-repeatable levels by time:
     D:1: 1852 daAuts
     D:2: 309 daAuts
